 Dungeon Crawl Stone Soup version 0.20.0-15-g7f486f2 (console) character file.

1430 removed the Thaumaturge (level 8, -1/36 HPs)
             Began as a Spriggan Necromancer on June 10, 2017.
             Was an Initiate of Kikubaaqudgha.
             Slain by a necrophage (5 damage)
             ... on level 7 of the Dungeon.
             The game lasted 00:11:22 (8982 turns).

removed the Thaumaturge (Spriggan Necromancer)      Turns: 8982, Time: 00:11:23

Health: -1/36      AC:  5    Str:  4    XL:     8   Next: 45%
Magic:  22/22      EV: 18    Int: 18    God:    Kikubaaqudgha [......]
Gold:   241        SH:  0    Dex: 17    Spells: 21/25 levels left

rFire    . . .     SeeInvis +   z - +0 trident
rCold    . . .     Gourm    .   (shield currently unavailable)
rNeg     . . .     Faith    +   D - +2 robe
rPois    +         Spirit   .   (helmet restricted)
rElec    .         Reflect  .   p - +0 cloak
rCorr    .         Harm     .   (gloves unavailable)
MR       +....                  (boots unavailable)
Stlth    +++.......             j - amulet of faith
Regen    0.2/turn               l - ring of stealth
MPRegen  0.2/turn               q - ring of poison resistance

@: very quick
A: unfitting armour, see invisible, herbivore 3, speed 3, slow metabolism 2
a: Renounce Religion


You were on level 7 of the Dungeon.
You worshipped Kikubaaqudgha.
Kikubaaqudgha was noncommittal.
You were not hungry.

You visited 2 branches of the dungeon, and saw 8 of its levels.

You collected 241 gold pieces.

Inventory:

Hand Weapons
 z - a +0 trident (weapon)
 C - a +1 whip of flaming
Armour
 a - a +0 robe
 p - a +0 cloak (worn)
 D - a +2 robe (worn)
Jewellery
 j - an amulet of faith (around neck)
 l - a ring of stealth (left hand)
 q - a ring of poison resistance (right hand)
 r - an uncursed ring of fire
 J - an uncursed ring of resist corrosion
Wands
 w - a wand of iceblast (12/15)
Scrolls
 d - 8 scrolls of remove curse {unknown}
 e - 9 scrolls of identify {unknown}
 s - a scroll of enchant weapon {unknown}
 u - 2 scrolls of fear {unknown}
 v - 3 scrolls of magic mapping {unknown}
 x - 3 scrolls of teleportation {unknown}
 y - 2 scrolls of immolation {unknown}
 A - a scroll of random uselessness {unknown}
 F - 4 scrolls of recharging {unknown}
 G - a scroll of noise {unknown}
 H - 4 scrolls of amnesia {unknown}
Potions
 f - a potion of invisibility {unknown}
 h - 2 potions of mutation {unknown}
 i - a potion of might {unknown}
 k - 3 potions of agility
 m - 2 potions of flight {unknown}
 n - 2 potions of lignification {unknown}
 o - 2 potions of curing
 t - a potion of haste {unknown}
 B - 3 potions of heal wounds {unknown}
 I - a potion of degeneration {unknown}
Books
 b - a book of Necromancy

   Spells                             Type                      Level
   a - Pain                           Necromancy                   1
   b - Animate Skeleton               Necromancy                   1
   c - Vampiric Draining              Necromancy                   3
   d - Regeneration                   Charms/Necromancy            3
   e - Animate Dead                   Necromancy                   4
   f - Control Undead                 Necromancy                   4
Comestibles
 c - 3 bread rations
 g - 6 fruits
 E - 3 royal jellies


   Skills:
 - Level 3.0 Dodging
 - Level 3.0 Stealth
 + Level 9.2 Spellcasting
 + Level 7.8 Necromancy


You had 21 spell levels left.
You knew the following spells:

 Your Spells              Type           Power        Failure   Level  Hunger
a - Pain                  Necr           ####         1%          1    None
b - Vampiric Draining     Necr           #####.....   1%          3    None


Dungeon Overview and Level Annotations

Branches:
Dungeon (7/15)             Temple (1/1) D:6

Altars:
Ashenzari
Cheibriados
Dithmenos
Elyvilon
Fedhas
Gozag
Hepliaklqana
Kikubaaqudgha
Makhleb
Nemelex Xobeh
Okawaru
Qazlal
Ru
Trog
Uskayaw
Vehumet
Yredelemnul
Zin
The Shining One

Shops:
D:4 !

Annotations:
D:3 zhorgal's ghost, amateur MiBe
D:6 Grinder


Innate Abilities, Weirdness & Mutations

You are very small and have problems with some larger weapons.
You are too small for most types of armour.
You have supernaturally acute eyesight. (SInv)
You are a herbivore.
You cover ground extremely quickly.
You need consume almost no food.


Message History

* * * LOW HITPOINT WARNING * * *
Unknown command.
You barely miss the necrophage.
The necrophage is heavily damaged.
The necrophage hits you.
* * * LOW HITPOINT WARNING * * *
The necrophage closely misses you.
Unknown command.
You hit the necrophage.
The necrophage is heavily damaged.
The necrophage closely misses you.
Unknown command.
You barely miss the necrophage.
The necrophage is heavily damaged.
The necrophage barely misses you.
You hit the necrophage.
The necrophage is heavily damaged.
The necrophage hits you.
You die...
Kikubaaqudgha rasps: "You have failed me!
Welcome... death!"

..............# ..>....
..............#....P...#
..............#....P...+
+####'####....#........ ##+#####
.......###....##..PP.# #.......
.......+..8.8..#.....# #.......
.......#.......#.....# #.......
.......#..88..Zn.....# #.......
.......#.88...Z#@....# #.......
.........#'#####.....##+##.......
########......................#'#
#......................#..
#......................+..
#......................#..
#......................#..
#......................###
##........####+######### #


You could see a necrophage and a centaur zombie.

Vanquished Creatures
  Pikel (D:4)
  4 slaves (D:4)
  A sky beast (D:7)
  A centaur (D:5)
  An ogre (D:6)
  A bullfrog (D:7)
  A scorpion (D:6)
  A crimson imp (D:6)
  A hound (D:4)
  A centaur skeleton (D:5)
  Ijyb (D:3)
  3 orc wizards
  4 worker ants
  A hound skeleton (D:5)
  A worker ant zombie (D:7)
  Robin (D:3)
  9 adders
  5 gnolls
  2 shadow imps
  An ooze (D:1)
  A worm (D:4)
  2 dart slugs
  4 leopard geckos
  15 orcs
  11 bats
  5 giant cockroaches
  24 goblins
  9 hobgoblins
  22 jackals
  6 quokkas
  6 frilled lizards
  A jackal zombie (D:6)
  7 kobolds
  10 rats
164 creatures vanquished.

Vanquished Creatures (others)
  A fungus (D:1)
1 creature vanquished.

Grand Total: 165 creatures vanquished

Notes
Turn   | Place    | Note
-------+----------+-------------------------------------------
     0 | D:1      | removed the Spriggan Necromancer began the quest for the Orb.
     0 | D:1      | Reached XP level 1. HP: 9/9 MP: 5/5
   246 | D:1      | Reached skill level 3 in Spellcasting
   329 | D:1      | Reached XP level 2. HP: 5/13 MP: 0/7
  1144 | D:1      | Reached XP level 3. HP: 1/16 MP: 0/9
  2154 | D:2      | Reached skill level 4 in Spellcasting
  2154 | D:2      | Reached XP level 4. HP: 17/21 MP: 7/11
  3101 | D:2      | Reached skill level 5 in Necromancy
  3101 | D:2      | Reached XP level 5. HP: 14/24 MP: 3/12
  3294 | D:2      | Found a glowing silver altar of Zin.
  3295 | D:2      | Found a sacrificial altar of Ru.
  3731 | D:3      | Noticed zhorgal's ghost (amateur MiBe)
  3771 | D:3      | Noticed Robin
  3798 | D:3      | Killed Robin
  3873 | D:3      | Reached skill level 5 in Spellcasting
  4281 | D:3      | Noticed Ijyb
  4287 | D:3      | Killed Ijyb
  4696 | D:4      | Reached XP level 6. HP: 16/28 MP: 6/15
  5250 | D:4      | Reached skill level 6 in Spellcasting
  5410 | D:4      | Found Cixolew's Distillery.
  5721 | D:4      | Noticed a slave
  5721 | D:4      | Noticed a slave
  5721 | D:4      | Noticed a slave
  5734 | D:4      | Killed a slave
  5758 | D:4      | Killed a slave
  5771 | D:4      | Killed a slave
  6082 | D:4      | Found a hazy altar of Hepliaklqana.
  6083 | D:4      | Found a blossoming altar of Fedhas.
  6088 | D:4      | Found an iron altar of Okawaru.
  6203 | D:4      | Noticed a slave
  6221 | D:4      | Killed a slave
  6441 | D:4      | Noticed Pikel
  6483 | D:4      | Killed Pikel
  6483 | D:4      | Reached skill level 7 in Spellcasting
  6483 | D:4      | Reached XP level 7. HP: 21/32 MP: 6/19
  6528 | D:4      | Learned a level 3 spell: Vampiric Draining
  6878 | D:5      | Entered Level 5 of the Dungeon
  7215 | D:5      | Reached skill level 8 in Spellcasting
  7215 | D:5      | Reached XP level 8. HP: 23/36 MP: 11/21
  7967 | D:6      | Found a staircase to the Ecumenical Temple.
  7979 | Temple   | Entered the Ecumenical Temple
  8020 | Temple   | Became a worshipper of Kikubaaqudgha
  8417 | D:6      | Found a blossoming altar of Fedhas.
  8575 | D:6      | Noticed Grinder
  8765 | D:7      | Reached skill level 9 in Spellcasting
  8982 | D:7      | Slain by a necrophage

Skill      XL: |  1  2  3  4  5  6  7  8 |
---------------+-------------------------+-----
Spellcasting   | 3 4 5 7 8 9 |  9.2
Necromancy     | 4 5 6 7 |  7.8
Dodging        | |  3.0
Stealth        | |  3.0

Action                   |  1- 3 |  4- 6 |  7- 9 || total
-------------------------+-------+-------+-------++-------
Melee: Unarmed           |       |     1 |       ||     1
       Whip              |       |       |    34 ||    34
       Trident           |       |       |   172 ||   172
 Cast: Pain              |    75 |   239 |    79 ||   393
       Vampiric Draining |       |       |     1 ||     1
 Stab: Sleeping          |       |       |     4 ||     4
  Eat: Bread ration      |       |     1 |       ||     1
Armor: Robe              |     1 |     9 |    51 ||    61
Dodge: Dodged            |    13 |    41 |   229 ||   283
